Map: Acropolis LE

Players

Rogue

  • Race: Zerg Zerg
  • Spawn Location: 5:00

Trap - Winner!

  • Race: Protoss Protoss
  • Spawn Location: 11:00

Event: 2019 WCS Global FInals

VOD

Have the link to the VOD?

Description

Time

  • Played on: Oct. 27, 2019, 1:46 a.m.
  • Length: 8:07

All games in this series

Show
View Real Time Build Order
Export as new Build Order

Rogue Zerg 

Build Orders: Hatch First 

Get SALT Encoding   

  12  0:00  Drone  
  13  0:12  Overlord  
  13  0:16  Drone  
  14  0:30  Drone x2  
  16  0:47  Hatchery  
  15  0:50  Drone  
  15  0:54  Drone  
  15  0:56  Drone  
  18  1:08  Extractor  
  17  1:12  Spawning Pool  
  17  1:15  Drone  
  17  1:18  Drone  
  18  1:28  Drone  
  19  1:38  Drone  
  20  1:44  Hatchery  
  19  1:49  Drone  
  20  1:58  Queen  
  20  2:00  Drone  
  23  2:03  Drone  
  24  2:11  Queen  
  26  2:17  Overlord  
  26  2:21  Drone  
  28  2:22  Drone  
  28  2:28  Metabolic Boost  
  28  2:37  Zergling x4  
  28  2:38  Drone  
  28  2:42  Drone x2  
  33  2:47  Queen  
  35  2:59  Spore Crawler  
  35  3:00  Drone  
  35  3:02  Queen  
  35  3:03  Overlord  
  38  3:08  Zergling x4  
  38  3:09  Drone  
  38  3:12  Drone  
  42  3:14  Pneumatized Carapace  
  42  3:21  Overlord  
  42  3:26  Drone  
  43  3:27  Drone x3  
  43  3:33  Drone x2  
  47  3:40  Drone x2  
  45  3:45  Drone x2  
  47  3:49  Overlord, Queen  
  47  3:51  Spore Crawler  
  47  3:53  Drone  
  49  3:59  Spore Crawler  
  49  4:00  Drone  
  49  4:01  Drone x2  
  51  4:05  Spore Crawler  
  49  4:10  Zergling x4  
  49  4:11  Zergling x2  
  52  4:18  Drone x5  
  56  4:24  Drone x2  
  56  4:32  Drone x3  
  56  4:34  Drone  
  60  4:41  Zergling x6  
  60  4:43  Overlord  
  60  4:44  Spore Crawler  
  62  4:46  Zergling x2  
  62  4:47  Drone x2  
  62  4:50  Overlord  
  65  4:56  Roach Warren  
  65  4:57  Extractor x2  
  65  4:58  Extractor  
  60  5:06  Overlord  
  60  5:07  Drone  
  60  5:08  Drone  
  60  5:12  Drone  
  60  5:13  Drone x6  
  68  5:16  Overlord  
  68  5:20  Drone x3  
  71  5:23  Lair  
  71  5:30  Drone x2, Extractor  
  71  5:33  Drone x4  
  76  5:36  Drone x2  
  76  5:38  Overlord  
  78  5:47  Overlord  
  78  5:48  Roach  
  78  5:49  Roach x2  
  84  5:53  Roach x3  
  89  5:58  Roach x2  
  89  6:01  Roach x2  
  94  6:14  Drone x2  
  94  6:15  Drone x9  
  102  6:21  Extractor, Roach  
  102  6:22  Overlord  
  103  6:26  Glial Reconstitution  
  103  6:30  Spire  
  103  6:32  Evolution Chamber, Infestation Pit, Roach x2  
  104  6:35  Overlord  
  104  6:37  Ravager  
  104  6:38  Overlord  
  105  6:48  Roach x4  
  105  6:49  Overlord x2  
  105  6:50  Overlord  
  111  7:03  Roach  
  111  7:04  Roach x3  
  111  7:07  Hatchery  
  117  7:14  Roach x5  
  122  7:22  Roach  
  122  7:28  Roach  
  122  7:29  Roach x7  
  128  7:31  Roach  
  128  7:33  Roach  
  128  7:34  Roach  
  128  7:36  Roach  
  124  7:39  Roach x2  
  124  7:41  Roach  
  124  7:43  Roach x2  
  119  7:47  Roach  
Show
View Real Time Build Order
Export as new Build Order

Trap Protoss - Winner!

Build Orders: 1 Gate Expand, Oracle Opening, Zealot Archon, Archon Drop 

Get SALT Encoding   

  12  0:00  Probe  
  13  0:12  Probe  
  14  0:18  Pylon  
  14  0:24  Probe  
  14  0:27  Assimilator  
  15  0:36  Probe (Chrono Boost)  
  16  0:45  Gateway  
  16  0:49  Probe (Chrono Boost)  
  17  0:54  Probe (Chrono Boost)  
  18  1:03  Probe  
  19  1:15  Probe  
  20  1:22  Nexus  
  20  1:32  Cybernetics Core  
  20  1:35  Probe  
  21  1:41  Assimilator  
  21  1:47  Probe  
  21  1:51  Pylon  
  22  1:59  Probe  
  23  2:06  Adept (Chrono Boost)  
  23  2:11  Stargate  
  23  2:13  Probe  
  26  2:18  Warp Gate  
  26  2:27  Probe (Chrono Boost)  
  26  2:28  Adept  
  29  2:33  Probe (Chrono Boost)  
  30  2:43  Probe x2 (Chrono Boost)  
  32  2:48  Probe (Chrono Boost)  
  32  2:50  Probe  
  34  2:53  Oracle (Chrono Boost)  
  37  3:01  Probe  
  37  3:02  Probe  
  37  3:04  Pylon  
  39  3:06  Stalker  
  41  3:13  Probe  
  41  3:14  Probe  
  43  3:22  Gateway  
  43  3:25  Probe  
  43  3:26  Probe  
  45  3:28  Oracle (Chrono Boost)  
  48  3:37  Probe  
  48  3:38  Probe  
  50  3:42  Assimilator  
  50  3:43  Assimilator  
  50  3:50  Probe x2  
  50  3:51  Pylon  
  52  3:57  Pylon, Robotics Facility  
  52  4:03  Probe x2  
  52  4:09  Twilight Council  
  54  4:15  Probe x2  
  54  4:16  Pylon  
  56  4:26  Adept x2  
  56  4:31  Probe x2  
  60  4:36  Gateway  
  60  4:37  Gateway  
  58  4:43  Warp Prism (Chrono Boost)  
  58  4:50  Templar Archives  
  58  4:52  Adept  
  62  5:03  Probe x2  
  62  5:04  Pylon  
  64  5:14  Gateway x2  
  64  5:17  Probe  
  64  5:18  Probe  
  66  5:25  Observer  
  67  5:32  Probe x2  
  67  5:33  High Templar x3  
  67  5:35  Pylon  
  74  5:38  Archon, High Templar  
  74  5:42  Archon  
  76  5:43  Charge (Chrono Boost)  
  76  5:46  Gateway x2  
  76  5:57  Pylon  
  76  6:01  Pylon  
  76  6:03  Nexus  
  76  6:08  Immortal (Chrono Boost)  
  80  6:20  Zealot x5  
  80  6:23  Zealot  
  92  6:32  Probe x2  
  94  6:36  Pylon  
  94  6:44  Pylon  
  94  6:46  Zealot  
  96  6:53  Probe x2  
  98  6:57  Forge  
  98  7:05  Probe x2  
  99  7:10  Zealot x8  
  115  7:17  Probe x2  
  115  7:18  Probe  
  116  7:29  Probe x2  
  112  7:32  Zealot x3  
  112  7:33  Zealot x4  
  118  7:43  Probe x3  
  109  7:52  Zealot x3  
  109  7:53  Zealot x4  
Tags
 
Add a new tag
Caveats
  • Supply blocks, unpowered buildings, or Contaminate may cause inaccurate times.
  • Supply counts are checked every 10 seconds.